 Dungeon Crawl Stone Soup version 0.14-a0-50-gc6ee670 (webtiles) character file.

383 DaftWullie the Cutter (level 6, -4/39 HPs)
             Began as a Kobold Berserker on Sept 28, 2013.
             Was a Priest of Trog.
             Slain by Sigmund
             ... wielding a +2,+1 scythe
              (7 damage)
             ... while paralysed by Grinder
             ... on Level 3 of the Dungeon on Sept 29, 2013.
             The game lasted 00:21:05 (2308 turns).

DaftWullie the Cutter (Kobold Berserker)            Turns: 2308, Time: 00:21:05

HP  -4/39        AC  5     Str 17      XL: 6   Next: 36%
MP   5/5         EV  3     Int  6      God: Trog [***...]
Gold 131         SH  0     Dex 15      Spells:  0 memorised,  5 levels left

Res.Fire  : . . .   See Invis. : .   w - -1 elf short sword (curse)
Res.Cold  : . . .   Warding    : .   e - +2 elf leather armour
Life Prot.: . . .   Conserve   : .   f - +0 elf buckler
Res.Poison: .       Res.Corr.  : .   (no helmet)
Res.Elec. : .       Clarity    : .   (no cloak)
Sust.Abil.: . .     Spirit.Shd : .   (no gloves)
Res.Mut.  : .       Stasis     : .   (no boots)
Res.Rott. : .       Flight     : .   (no amulet)
Saprovore : + + .                    u - ring of teleport control
                                     l - ring of teleport control

@: paralysed, exhausted, slowed, slightly resistant to hostile enchantments,
unstealthy
A: disease resistance, carnivore 3, saprovore 2
a: Burn Spellbooks, Berserk, Trog's Hand, Renounce Religion, Evoke Teleport
Control


You were on level 3 of the Dungeon.
You worshipped Trog.
Trog was most pleased with you.
You were not hungry.

You visited 1 branch of the dungeon, and saw 3 of its levels.

You collected 111 gold pieces.

Inventory:

Hand weapons
 a - a +0,+0 short sword
 d - a +0,+0 short sword
 h - a +2,+0 elven short sword
 n - a cursed +0,-2 short sword
 q - a -1,+1 orcish dagger
 t - a +0,+0 dagger
 w - a cursed -1,-1 elven short sword (weapon)
 y - a +0,+1 dwarven short sword of venom
Missiles
 x - 2 darts (quivered)
 z - 2 steel darts
Armour
 b - a +0 animal skin
 e - a +2 elven leather armour (worn)
 f - a +0 elven buckler (worn)
Comestibles
 c - 2 meat rations
Scrolls
 j - a scroll of fog {unknown}
 k - a scroll of curse jewellery {unknown}
 o - a scroll of teleportation {unknown}
 v - a scroll of magic mapping {unknown}
Jewellery
 l - a ring of teleport control (left hand)
 r - an uncursed ring of wizardry
 u - a ring of teleport control (right hand)
Potions
 g - a potion of cure mutation {unknown}
 i - a potion of restore abilities {unknown}
 m - 2 potions of mutation {unknown}
 p - 2 potions of brilliance {unknown}
 s - a potion of curing {unknown}


   Skills:
 * Level 4.5 Fighting
 * Level 5.6 Short Blades
 - Level 1.5 Armour
 + Level 5.0 Dodging
 + Level 1.2 Shields


You had 5 spell levels left.
You didn't know any spells.

Dungeon Overview and Level Annotations

Branches:
Dungeon (3/27)

Altars:

Annotations:
D:3 Grinder, Sigmund


Innate Abilities, Weirdness & Mutations

You recuperate from illness quickly.
You are small and have problems with some larger weapons.
You are carnivorous and can eat meat at any time.
You can eat rotten meat.


Message History

The magic dart hits you!
Things that are here:
a club; an orcish club; a hobgoblin corpse Sigmund casts a spell.
Sigmund flickers and vanishes!
Deactivating autopickup; reactivate with Ctrl-A.
Grinder closely misses you. Grinder closely misses you.
Grinder gestures at you.
You suddenly lose the ability to move!
Grinder hits you.
You writhe in agony.
Grinder hits you!
* * * LOW HITPOINT WARNING * * *
You writhe in agony.
* * * LOW HITPOINT WARNING * * *
Grinder hits you.
* * * LOW HITPOINT WARNING * * *
You writhe in agony.
It hits you!
You die...

########################
......................)..
##..............#####...
#..###@#####...# #.## #
#5# #...# #.# #.# #[..#
#.# #.# #...# #.# #.#
#...# #.# #)# #...# #.#
##.#####...# #.#
#..............# #.#
#..............# #.#


You could see Grinder.

Vanquished Creatures
  An ice beast (D:3)
  An orc priest (D:3)
  A gnoll (D:1)
  5 adders
  A worm (D:2)
  An ooze (D:1)
  3 orcs (D:3)
  A ball python (D:1)
  6 giant cockroaches
  10 goblins
  13 hobgoblins
  A quokka (D:2)
  13 bats
  5 giant newts
  3 jackals (D:2)
  7 kobolds
  A rat (D:1)
73 creatures vanquished.

Notes
Turn   | Place    | Note
--------------------------------------------------------------
     0 | D:1      | DaftWullie, the Kobold Berserker, began the quest for the Orb.
     0 | D:1      | Reached XP level 1. HP: 14/14 MP: 0/0
   187 | D:1      | Reached XP level 2. HP: 16/19 MP: 1/1
   515 | D:1      | Reached XP level 3. HP: 18/24 MP: 2/2
   664 | D:1      | Acquired Trog's second power
   861 | D:1      | Reached XP level 4. HP: 26/29 MP: 3/3
  1099 | D:2      | Upgraded the game from 0.14-a0-40-g75911bd to 0.14-a0-50-gc6ee670
  1756 | D:2      | Reached XP level 5. HP: 33/33 MP: 4/4
  1899 | D:3      | Reached skill level 5 in Short Blades
  1899 | D:3      | Reached skill level 1 in Shields
  1974 | D:3      | Noticed an ice beast
  1995 | D:3      | Killed an ice beast
  1995 | D:3      | Reached skill level 5 in Dodging
  1995 | D:3      | Reached XP level 6. HP: 33/39 MP: 5/5
  2218 | D:3      | Noticed Sigmund
  2267 | D:3      | Noticed Grinder
  2272 | D:3      | Paralysed by Grinder for 5 turns
  2288 | D:3      | Paralysed by Grinder for 6 turns
  2303 | D:3      | Paralysed by Grinder for 7 turns
  2308 | D:3      | Slain by Sigmund

Action                   |  1- 3 |  4- 6 || total
-------------------------+-------+-------++-------
Melee: Short sword       |   126 |   192 ||   318
Throw: Dart              |       |     6 ||     6
Invok: Berserk           |     1 |     3 ||     4
       Trog's Hand       |       |     2 ||     2
  Use: Scroll            |       |     1 ||     1
